 Dungeon Crawl Stone Soup version 0.31-a0-204-g7da18cac08 (webtiles) character file.

Game seed: 13125023872213257244

59 qw the Shooter (level 3, -3/20 HPs)
             Began as a Deep Elf Hunter on June 27, 2023.
             Slain by Terence
             ... wielding a +1 mace of protection
              (4 damage)
             ... on level 2 of the Dungeon.
             The game lasted 00:00:27 (995 turns).

qw the Shooter (Deep Elf Hunter)                     Turns: 995, Time: 00:00:27

Health: -3/20      AC:  6    Str: 10    XL:     3   Next: 78%
Magic:  5/5        EV:  9    Int: 13    God:
Gold:   90         SH:  0    Dex: 18    Spells: 2/2 levels left

rFire   . . .        Y - +0 shortbow
rCold   . . .        (shield currently unavailable)
rNeg    . . .        e - +0 scale mail
rPois   .            (no helmet)
rElec   .            (no cloak)
rCorr   .            (no gloves)
SInv    .            (no boots)
Will    .....        (no amulet)
Stlth   +            (no ring)
HPRegen 0.23/turn    (no ring)
MPRegen 0.09/turn

%: no passive effects
@: about to teleport
A: no striking features
a: no special abilities


You were on level 2 of the Dungeon.
You visited 1 branch of the dungeon, and saw 2 of its levels.

You collected 90 gold pieces.


   Skills:
 - Level 1.5 Fighting
 + Level 7.3 Ranged Weapons
 - Level 2.4 Dodging
 - Level 1.2 Stealth


You had 2 spell levels left.
You didn't know any spells.
Your spell library was empty.

Inventory:

Hand Weapons
 Y - a +0 shortbow (weapon)
Armour
 a - a +0 ring mail
 e - a +0 scale mail (worn)
Scrolls
 b - a scroll of immolation {unknown}
 f - 2 scrolls of identify
 g - a scroll of teleportation

Dungeon Overview and Level Annotations

Branches:
Dungeon (2/15)

Altars:

Annotations:
D:2 Terence


Message History

Terence hits you with a +1 mace of protection.
You shoot an arrow.
The arrow hits Terence but does no damage.
Terence is lightly wounded.
Terence closely misses you. Terence barely misses you.
You shoot an arrow.
The arrow hits Terence but does no damage.
Terence is lightly wounded.
Terence hits you but does no damage.
You shoot an arrow.
The arrow hits Terence but does no damage.
Terence is lightly wounded.
Terence barely misses you.
You shoot an arrow. The arrow closely misses Terence.
Terence completely misses you.
You shoot an arrow.
The arrow hits Terence but does no damage.
Terence is lightly wounded.
Terence closely misses you.
Terence hits you with a +1 mace of protection.
You shoot an arrow. The arrow hits Terence.
Terence is moderately wounded.
Terence barely misses you.
You shoot an arrow. The arrow hits Terence.
Terence is heavily wounded.
Terence hits you but does no damage.
You shoot an arrow. The arrow hits Terence.
Terence is severely wounded.
Terence hits you with a +1 mace of protection. x2
You shoot an arrow.
The arrow hits Terence but does no damage.
Terence is severely wounded.
Terence barely misses you.
You shoot an arrow. The arrow barely misses Terence.
Terence hits you with a +1 mace of protection.
995 ||| READING 2 scrolls of teleportation.
As you read the scroll of teleportation, it crumbles to dust.
You feel strangely unstable.
Terence hits you with a +1 mace of protection.
You die...

##.. #... #... #...
#################...
....................
....................
#####.....#####...
#@....##### #...
......@.##### #...
......### #...
..)... .... .....
###. ..... #### ##
.... #..###### #...
######...#...####.
###.................


You could see Terence.

Vanquished Creatures
  2 adders (D:2)
  2 endoplasms
  4 giant cockroaches
  2 hobgoblins
  6 kobolds
  2 quokkas
  5 ball pythons
  5 bats
  7 goblins
  2 rats
37 creatures vanquished.

Notes
Turn   | Place    | Note
-------+----------+-------------------------------------------
     0 | D:1      | qw the Deep Elf Hunter began the quest for the Orb.
     0 | D:1      | Reached XP level 1. HP: 12/12 MP: 3/3
     0 | D:1      | 0 ||| qw: Version: 0.3-a-22-g0ed2b0b
     0 | D:1      | 0 ||| qw: Game counter: 6496
     0 | D:1      | 0 ||| qw: Melee chars always use a shield: true
     0 | D:1      | 0 ||| qw: God list: Okawaru
     0 | D:1      | 0 ||| qw: Allow faded altars: false
     0 | D:1      | 0 ||| qw: Do Orc after clearing Dungeon:15 true
     0 | D:1      | 0 ||| qw: Do second Lair branch before Depths: true
     0 | D:1      | 0 ||| qw: Lair rune preference: random
     0 | D:1      | 0 ||| qw: Goals: Normal
     0 | D:1      | 0 ||| PLANNING D:1-11
   144 | D:1      | Reached XP level 2. HP: 12/16 MP: 4/4
   324 | D:1      | Reached skill level 6 in Ranged Weapons
   603 | D:1      | 603 ||| UPGRADING to +0 scale mail.
   613 | D:1      | 613 ||| DROPPING +0 leather armour.
   614 | D:1      | 614 ||| READING scroll labelled YHERIA QUGOE.
   615 | D:1      | 615 ||| READING 2 scrolls labelled JENUUF UCSAJ.
   616 | D:1      | 616 ||| READING 3 scrolls labelled VEREIM GO IPI.
   621 | D:1      | 621 ||| READING scroll labelled ULITSA QARPH.
   622 | D:1      | 622 ||| READING scroll labelled JAHUJI VEEJULL.
   623 | D:1      | 623 ||| DROPPING scroll of butterflies.
   723 | D:2      | Reached XP level 3. HP: 20/20 MP: 5/5
   774 | D:2      | Reached skill level 7 in Ranged Weapons
   970 | D:2      | Noticed Terence
   994 | D:2      | HP: 1/20 [Terence/+1 mace of protection (6)]
   995 | D:2      | 995 ||| READING 2 scrolls of teleportation.
   995 | D:2      | Slain by Terence

Levels and vault maps discovered:
D:1:      dpeg_arrival_fog, layout_loops_cross, kennysheep_nondescript,
          minmay_close_crescents
D:2:      layout_rooms, minivault_14, kennysheep_generic_room_15, uniq_terence

Skill      XL: |  1  2  3 |
---------------+----------+-----
Ranged Weapons | 6 7 |  7.3
Fighting       | |  1.5
Dodging        | |  2.4
Stealth        | |  1.2

Action                     || total
---------------------------++-------
   Fire: Shortbow          ||   114
    Use: Scroll            ||     6
 Armour: Leather armour    ||    14
         Scale mail        ||    16
  Dodge: Dodged            ||    56

Table legend:
 A = Non-vault XP
 B = Vault XP
 C = Vault XP percentage of total XP
 D = Non-vault monster count
 E = Vault monster count
 F = Vault count percentage of total count
                 A         B        C        D         E       F
            +---------+---------+-------+---------+---------+-------
      Total |      78 |       7 |   8.2 |      33 |       4 |  10.8
            +---------+---------+-------+---------+---------+-------
        D:1 |      27 |       7 |  20.6 |      16 |       4 |  20.0
        D:2 |      51 |       0 |   0.0 |      17 |       0 |   0.0
            +---------+---------+-------+---------+---------+-------
